HSSL
BROKEN ARROW HS @ BISHOP GORMAN HS BALBASAURS
04/25/2026
 
TOP OF THE 1ST
Broken Arrow HS batting - Pitching for Bishop Gorman HS Balbasaurs : RHP Tom Newton
Pitching: RHP Tom Newton
Batting: LHB José Esparza 0-0: Ball
1-0: Called Strike
1-1: Swinging Strike
1-2: Foul Ball, location: 2F
1-2: Ball
2-2: Ball
3-2: Base on Balls
Batting: RHB Craig Porter 0-0: Foul Ball, location: 2F
0-1: Fly out, F9 (Flyball, 89M)
Batting: RHB George Green 0-0: Called Strike
0-1: Ball
1-1: SINGLE (Line Drive, 5D)
José Esparza to second
Batting: RHB Jon Bush 0-0: Fly out, F9 (Flyball, 9S)
Batting: LHB António Chávez 0-0: Ball
1-0: Ball
2-0: Ball
3-0: Foul Ball, location: 2F
3-1: DOUBLE (Groundball, 5L)
José Esparza scores
George Green to third
Runner from 3rd tries for Home, SAFE, no throw or cutoff
Batting: SHB Philippe Paquin 0-0: Ball
1-0: Fly out, F8 (Flyball, 8LM)
Top of the 1st over - 2 run(s), 2 hit(s), 0 error(s), 1 left on base; Broken Arrow HS 2 - Bishop Gorman HS 0
BOTTOM OF THE 1ST
Bishop Gorman HS Balbasaurs batting - Pitching for Broken Arrow HS : RHP Bill Pearson
Pitching: RHP Bill Pearson
Batting: RHB Steve Murphy 0-0: Foul Ball, location: 2F
0-1: Ball
1-1: Ball
2-1: Ball
3-1: Base on Balls
Batting: RHB Jake Rutledge 0-0: Ball
1-0: Foul Ball, location: 2F
1-1: Ball
2-1: Foul Ball, location: 2F
2-2: Ground out 6-3 (Groundball, 6MS)
Steve Murphy to second
Batting: LHB Jean-Sébastien Beaudin 0-0: Foul Ball, location: 2F
0-1: Ball
1-1: Foul Ball, location: 2F
1-2: Strikes out swinging
Batting: RHB Max Kimball 0-0: Called Strike
0-1: Called Strike
0-2: Ball
1-2: Foul Ball, location: 2F
1-2: SINGLE (Groundball, 6)
Steve Murphy to third
Runner from 3rd tries for Home, SAFE, no throw or cutoff
Batting: RHB Sidney Gilbert 0-0: Fielders Choice at 2nd, U6 (Groundball, 6M)
Bottom of the 1st over - 1 run(s), 1 hit(s), 0 error(s), 1 left on base; Broken Arrow HS 2 - Bishop Gorman HS 1
TOP OF THE 2ND
Broken Arrow HS batting - Pitching for Bishop Gorman HS Balbasaurs : RHP Tom Newton
Batting: SHB Pedro Sousa 0-0: Ball
1-0: Foul Ball, location: 2F
1-1: Foul Ball, location: 2F
1-2: Strikes out looking
Batting: RHB Ronnie Starr 0-0: Ball
1-0: Foul Ball, location: 2F
1-1: Ball
2-1: Ball
3-1: Swinging Strike
3-2: Strikes out looking
Batting: RHB Chris Lancaster 0-0: Fly out, F8 (Flyball, 8LM)
Top of the 2nd over - 0 run(s), 0 hit(s), 0 error(s), 0 left on base; Broken Arrow HS 2 - Bishop Gorman HS 1
BOTTOM OF THE 2ND
Bishop Gorman HS Balbasaurs batting - Pitching for Broken Arrow HS : RHP Bill Pearson
Batting: LHB Zhen-bang Rao 0-0: Ball
1-0: Foul Ball, location: 2F
1-1: Ball
2-1: Called Strike
2-2: Foul Ball, location: 2F
2-2: Ground out 6-3 (Groundball, 6S)
Batting: RHB Ramón Chávez 0-0: Called Strike
0-1: Ball
1-1: Hit by Pitch
Batting: RHB Mario Ramírez 0-0: Ball
1-0: Foul Ball, location: 2F
1-1: Called Strike
1-2: Ball
2-2: Ball
3-2: SINGLE (Groundball, 6D)
Ramón Chávez to second
Batting: RHB Bryan Martínez 0-0: Ball
1-0: Ball
2-0: Called Strike
2-1: Fly out, F9 (Popup, 9S)
Batting: RHB Steve Murphy 0-0: SINGLE (Groundball, 6D)
Ramón Chávez to third
Mario Ramírez to second
Runner from 3rd tries for Home, SAFE, throw made at trailing runner, OUT at third!
Bottom of the 2nd over - 1 run(s), 2 hit(s), 0 error(s), 1 left on base; Broken Arrow HS 2 - Bishop Gorman HS 2
TOP OF THE 3RD
Broken Arrow HS batting - Pitching for Bishop Gorman HS Balbasaurs : RHP Tom Newton
Batting: LHB José Esparza 0-0: Ball
1-0: Ball
2-0: Ball
3-0: Base on Balls
Batting: RHB Craig Porter 0-0: Foul Ball, location: 2F
0-1: Ball
1-1: Ball
2-1: Fly out, F2 (Popup, 25F)
Batting: RHB George Green 0-0: Fly out, F7 (Flyball, 78M)
Batting: RHB Jon Bush 0-0: Ball
1-0: Ball
2-0: Ground out 1-3 (Groundball, 13S)
Top of the 3rd over - 0 run(s), 0 hit(s), 0 error(s), 1 left on base; Broken Arrow HS 2 - Bishop Gorman HS 2
BOTTOM OF THE 3RD
Bishop Gorman HS Balbasaurs batting - Pitching for Broken Arrow HS : RHP Bill Pearson
Batting: RHB Jake Rutledge 0-0: Ball
1-0: Called Strike
1-1: Ball
2-1: Ball
3-1: Base on Balls
Batting: LHB Jean-Sébastien Beaudin 0-0: Called Strike
0-1: Ball
1-1: DOUBLE (Line Drive, 9LM)
Jake Rutledge to third
Batting: RHB Max Kimball 0-0: Ball
1-0: Foul Ball, location: 2F
1-1: Foul Ball, location: 2F
1-2: SINGLE (Line Drive, 34)
Jake Rutledge scores
Jean-Sébastien Beaudin to third
Runner from 3rd tries for Home, SAFE, no throw or cutoff
Batting: RHB Sidney Gilbert 0-0: Ball
1-0: Foul Ball, location: 2F
1-1: Foul Ball, location: 2F
1-2: Ball
2-2: Ball
3-2: Foul Ball, location: 2F
3-2: Reached on error, E6 (Groundball, 6)
Max Kimball to second
Batting: LHB Zhen-bang Rao 0-0: Ball
1-0: SINGLE (Line Drive, 34D)
Max Kimball to third
Sidney Gilbert to second
Batting: RHB Ramón Chávez 0-0: Ball
1-0: Ball
2-0: Foul Ball, location: 2F
2-1: Swinging Strike
2-2: Strikes out swinging
Batting: RHB Mario Ramírez 0-0: Called Strike
0-1: Swinging Strike
0-2: Ball
1-2: Ball
2-2: Strikes out swinging
Batting: RHB Bryan Martínez 0-0: Ball
1-0: Ball
2-0: Ball
3-0: Base on Balls
Max Kimball scores
Sidney Gilbert to third
Zhen-bang Rao to second
Batting: RHB Steve Murphy 0-0: Called Strike
0-1: Ball
1-1: Ball
2-1: Ball
3-1: Base on Balls
Sidney Gilbert scores
Zhen-bang Rao to third
Bryan Martínez to second
Pitching: RHP James Harmon
Batting: RHB Jake Rutledge 0-0: Ball
1-0: Called Strike
1-1: Ball
2-1: Ball
3-1: Base on Balls
Zhen-bang Rao scores
Bryan Martínez to third
Steve Murphy to second
Batting: LHB Jean-Sébastien Beaudin 0-0: Called Strike
0-1: Ball
1-1: Swinging Strike
1-2: Foul Ball, location: 2F
1-2: Strikes out looking
Bottom of the 3rd over - 5 run(s), 3 hit(s), 1 error(s), 3 left on base; Broken Arrow HS 2 - Bishop Gorman HS 7
TOP OF THE 4TH
Broken Arrow HS batting - Pitching for Bishop Gorman HS Balbasaurs : RHP Tom Newton
Batting: LHB António Chávez 0-0: Swinging Strike
0-1: Called Strike
0-2: Foul Ball, location: 2F
0-2: SINGLE (Line Drive, 89S)
Batting: SHB Philippe Paquin 0-0: Ball
1-0: Swinging Strike
1-1: Swinging Strike
1-2: Strikes out swinging
Batting: SHB Pedro Sousa 0-0: Foul Ball, location: 2F
0-1: Ball
1-1: Ball
2-1: Ball
3-1: Called Strike
3-2: Grounds into double play, 4-6-3 (Groundball, 4M)
Top of the 4th over - 0 run(s), 1 hit(s), 0 error(s), 0 left on base; Broken Arrow HS 2 - Bishop Gorman HS 7
BOTTOM OF THE 4TH
Bishop Gorman HS Balbasaurs batting - Pitching for Broken Arrow HS : RHP James Harmon
Batting: RHB Max Kimball 0-0: Swinging Strike
0-1: Swinging Strike
0-2: Hit by Pitch
Batting: RHB Sidney Gilbert 0-0: Ball
1-0: Ball
2-0: Ball
3-0: Called Strike
3-1: Base on Balls
Max Kimball to second
Batting: LHB Zhen-bang Rao 0-0: Ball
1-0: Foul Ball, location: 2F
1-1: Ball
2-1: DOUBLE (Line Drive, 9LS)
Max Kimball scores
Sidney Gilbert to third
Batting: RHB Ramón Chávez 0-0: Called Strike
0-1: Ball
1-1: Ball
2-1: Ball
3-1: SINGLE (Groundball, 56D)
Sidney Gilbert scores
Zhen-bang Rao to third
Batting: RHB Mario Ramírez 0-0: Called Strike
0-1: Grounds into double play, 4-6-3 (Groundball, 4)
Zhen-bang Rao scores
Batting: RHB Bryan Martínez 0-0: Ball
1-0: Swinging Strike
1-1: Called Strike
1-2: Foul Ball, location: 2F
1-2: Ball
2-2: Ball
3-2: Base on Balls
Batting: RHB Steve Murphy 0-0: Ball
1-0: Fly out, F9 (Flyball, 9M)
Bottom of the 4th over - 3 run(s), 2 hit(s), 0 error(s), 1 left on base; Broken Arrow HS 2 - Bishop Gorman HS 10
TOP OF THE 5TH
Broken Arrow HS batting - Pitching for Bishop Gorman HS Balbasaurs : RHP Tom Newton
Batting: RHB Ronnie Starr 0-0: Ball
1-0: Called Strike
1-1: Called Strike
1-2: Fly out, F9 (Popup, 89S)
Batting: RHB Chris Lancaster 0-0: Ball
1-0: Ball
2-0: Ground out U3 (Groundball, 3S)
Batting: LHB José Esparza 0-0: Swinging Strike
0-1: Foul Ball, location: 2F
0-2: Ball
1-2: Strikes out swinging
Top of the 5th over - 0 run(s), 0 hit(s), 0 error(s), 0 left on base; Broken Arrow HS 2 - Bishop Gorman HS 10
BOTTOM OF THE 5TH
Bishop Gorman HS Balbasaurs batting - Pitching for Broken Arrow HS : RHP James Harmon
Batting: RHB Jake Rutledge 0-0: Ball
1-0: Ground out 6-3 (Groundball, 6)
Batting: LHB Jean-Sébastien Beaudin 0-0: Ball
1-0: Called Strike
1-1: Ball
2-1: Ball
3-1: Foul Ball, location: 2F
3-2: Strikes out swinging
Batting: RHB Max Kimball 0-0: Ball
1-0: Swinging Strike
1-1: Ball
2-1: Ball
3-1: Foul Ball, location: 2F
3-2: Base on Balls
Batting: RHB Sidney Gilbert 0-0: Ball
1-0: Ball
2-0: Ball
3-0: Base on Balls
Max Kimball to second
Batting: LHB Zhen-bang Rao 0-0: Foul Ball, location: 2F
0-1: SINGLE (Groundball, 4)
Max Kimball to third
Sidney Gilbert to second
Runner from 3rd tries for Home, SAFE, no throw or cutoff
Pitching: LHP Craig Melton
Batting: RHB Ramón Chávez 0-0: Foul Ball, location: 2F
0-1: Ball
1-1: Called Strike
1-2: Strikes out swinging
Bottom of the 5th over - 1 run(s), 1 hit(s), 0 error(s), 2 left on base; Broken Arrow HS 2 - Bishop Gorman HS 11
TOP OF THE 6TH
Broken Arrow HS batting - Pitching for Bishop Gorman HS Balbasaurs : RHP Tom Newton
Batting: RHB Craig Porter 0-0: Ball
1-0: Ball
2-0: Called Strike
2-1: Ball
3-1: Base on Balls
Batting: RHB George Green 0-0: Ball
1-0: Foul Ball, location: 2F
1-1: Called Strike
1-2: Ball
2-2: Ball
3-2: Fly out, F4 (Line Drive, 4M)
Batting: RHB Jon Bush 0-0: Fly out, F1 (Line Drive, 13S)
Pitching: LHP Brian Armstrong
Batting: LHB António Chávez 0-0: Called Strike
0-1: Ball
1-1: Ball
2-1: Foul Ball, location: 2F
2-2: Foul Ball, location: 2F
2-2: Ground out 3-1 (Groundball, 34)
Top of the 6th over - 0 run(s), 0 hit(s), 0 error(s), 1 left on base; Broken Arrow HS 2 - Bishop Gorman HS 11
BOTTOM OF THE 6TH
Bishop Gorman HS Balbasaurs batting - Pitching for Broken Arrow HS : LHP Craig Melton
Batting: RHB Mario Ramírez 0-0: Called Strike
0-1: Ball
1-1: Ball
2-1: Foul Ball, location: 2F
2-2: Strikes out swinging
Batting: RHB Bryan Martínez 0-0: Ball
1-0: Called Strike
1-1: Ball
2-1: Ball
3-1: Called Strike
3-2: Foul Ball, location: 2F
3-2: Foul Ball, location: 2F
3-2: Fly out, F9 (Flyball, 9M)
Batting: RHB Steve Murphy 0-0: Called Strike
0-1: Foul Ball, location: 2F
0-2: Ground out 6-3 (Groundball, 6M)
Bottom of the 6th over - 0 run(s), 0 hit(s), 0 error(s), 0 left on base; Broken Arrow HS 2 - Bishop Gorman HS 11
TOP OF THE 7TH
Broken Arrow HS batting - Pitching for Bishop Gorman HS Balbasaurs : LHP Brian Armstrong
Batting: SHB Philippe Paquin 0-0: Foul Ball, location: 2F
0-1: Called Strike
0-2: SINGLE (Groundball, 56D)
Batting: SHB Pedro Sousa 0-0: Ball
1-0: Swinging Strike
1-1: Ball
2-1: Foul Ball, location: 2F
2-2: Foul Ball, location: 2F
2-2: Ball
3-2: Strikes out swinging
Batting: RHB Ronnie Starr 0-0: Fielders Choice at 2nd, 6-4 (Groundball, 6)
Batting: RHB Chris Lancaster 0-0: Foul Ball, location: 2F
0-1: Called Strike
0-2: Strikes out swinging
Top of the 7th over - 0 run(s), 1 hit(s), 0 error(s), 1 left on base; Broken Arrow HS 2 - Bishop Gorman HS 11
BOTTOM OF THE 7TH
Bishop Gorman HS Balbasaurs batting - Pitching for Broken Arrow HS : LHP Craig Melton
Batting: RHB Jake Rutledge 0-0: Called Strike
0-1: Ball
1-1: Ball
2-1: Foul Ball, location: 2F
2-2: Ground out 4-3 (Groundball, 4)
Batting: LHB Jean-Sébastien Beaudin 0-0: Ball
1-0: Ball
2-0: Fly out, F8 (Flyball, 8LM)
Batting: RHB Max Kimball 0-0: Ball
1-0: Ball
2-0: Ball
3-0: Called Strike
3-1: Base on Balls
Batting: RHB Sidney Gilbert 0-0: Swinging Strike
0-1: Foul Ball, location: 2F
0-2: Fly out, F7 (Flyball, 7M)
Bottom of the 7th over - 0 run(s), 0 hit(s), 0 error(s), 1 left on base; Broken Arrow HS 2 - Bishop Gorman HS 11
TOP OF THE 8TH
Broken Arrow HS batting - Pitching for Bishop Gorman HS Balbasaurs : LHP Brian Armstrong
Batting: LHB José Esparza 0-0: Ball
1-0: Ball
2-0: Fly out, F9 (Line Drive, 89S)
Batting: RHB Craig Porter 0-0: Ball
1-0: DOUBLE (Flyball, 78M)
Batting: RHB George Green 0-0: SINGLE (Flyball, 7LS)
Craig Porter to third
Batting: RHB Jon Bush 0-0: Called Strike
Single, Error in OF, E7, batter to second base
Craig Porter scores
George Green to third
Batting: LHB António Chávez 0-0: Ball
1-0: Ball
2-0: Called Strike
2-1: Ball
3-1: Foul Ball, location: 2F
3-2: SINGLE (Flyball, 7S)
George Green scores
Jon Bush to third
Runner from 3rd tries for Home, SAFE, throw made home
António Chávez to second
Pitching: RHP Keith Crabtree
Batting: SHB Philippe Paquin 0-0: Foul Ball, location: 2F
0-1: DOUBLE (Line Drive, 9LS)
António Chávez scores
Batting: SHB Pedro Sousa 0-0: Called Strike
0-1: Fly out, F7 (Flyball, 7LMF)
Batting: RHB Ronnie Starr 0-0: Ground out 1-3 (Groundball, 15S)
Top of the 8th over - 4 run(s), 5 hit(s), 1 error(s), 1 left on base; Broken Arrow HS 6 - Bishop Gorman HS 11
BOTTOM OF THE 8TH
Bishop Gorman HS Balbasaurs batting - Pitching for Broken Arrow HS : LHP Craig Melton
Batting: LHB Zhen-bang Rao 0-0: Ball
1-0: Reached on error, E4 (Groundball, 34)
Pitching: RHP Gong-sun Wan
Batting: RHB Ramón Chávez 0-0: SINGLE (Line Drive, 78S)
Zhen-bang Rao to third
Batting: RHB Mario Ramírez 0-0: Ball
1-0: Ball
2-0: Ball
3-0: Base on Balls
Ramón Chávez to second
Batting: RHB Bryan Martínez 0-0: Ball
1-0: Swinging Strike
1-1: SINGLE (Groundball, 34D)
Zhen-bang Rao scores
Ramón Chávez to third
Mario Ramírez to second
Batting: RHB Steve Murphy 0-0: SINGLE (Flyball, 8LS)
Ramón Chávez scores
Mario Ramírez to third
Bryan Martínez to second
Runner from 3rd tries for Home, SAFE, no throw or cutoff
Batting: RHB Jake Rutledge 0-0: Called Strike
0-1: Swinging Strike
0-2: Ball
1-2: Ball
2-2: Hit by Pitch
Bryan Martínez to third
Steve Murphy to second
Batting: LHB Jean-Sébastien Beaudin 0-0: Ball
1-0: Swinging Strike
1-1: Foul Ball, location: 2F
1-2: Foul Ball, location: 2F
1-2: Fly out, F7 (Flyball, 7M)
Throwing error, E7
Bryan Martínez scores
Steve Murphy to third
Jake Rutledge to second
Batting: RHB Max Kimball 0-0: Called Strike
0-1: Ball
1-1: 3-RUN HOME RUN (Flyball, 9D), Distance : 368 ft
Pitching: RHP Robert Pugh
Batting: RHB Sidney Gilbert 0-0: Called Strike
0-1: Called Strike
0-2: Ball
1-2: Foul Ball, location: 2F
1-2: Ball
2-2: Foul Ball, location: 2F
2-2: Strikes out swinging
Batting: LHB Zhen-bang Rao 0-0: DOUBLE (Line Drive, 8RXD)
Batting: RHB Ramón Chávez 0-0: Ball
1-0: Ground out 5-3 (Groundball, 5)
Bottom of the 8th over - 7 run(s), 5 hit(s), 2 error(s), 1 left on base; Broken Arrow HS 6 - Bishop Gorman HS 18
TOP OF THE 9TH
Broken Arrow HS batting - Pitching for Bishop Gorman HS Balbasaurs : RHP Keith Crabtree
Now at SS: Kent Bannatyne
Batting: RHB Chris Lancaster 0-0: Ball
1-0: Called Strike
1-1: Called Strike
1-2: Ball
2-2: Foul Ball, location: 2F
2-2: Strikes out swinging
Batting: LHB José Esparza 0-0: DOUBLE (Flyball, 7LD)
Batting: RHB Craig Porter 0-0: Called Strike
0-1: Swinging Strike
0-2: Ball
1-2: Ball
2-2: Foul Ball, location: 2F
2-2: Strikes out looking
Batting: RHB George Green 0-0: Ball
1-0: Foul Ball, location: 2F
1-1: Ball
2-1: Ball
3-1: Foul Ball, location: 2F
3-2: Foul Ball, location: 2F
3-2: Ground out 6-3 (Groundball, 6M)
Top of the 9th over - 0 run(s), 1 hit(s), 0 error(s), 1 left on base; Broken Arrow HS 6 - Bishop Gorman HS 18
Monday, December 5th, 2016 - OOTP Baseball 17.12 Build 75